 Dungeon Crawl Stone Soup version 0.30.0-29-ga12c61a403 (webtiles) character file.

Game seed: 913971108173320415

18 javelincjr the Trooper (level 2, -19/27 HPs)
             Began as a Minotaur Berserker on June 12, 2023.
             Was a Follower of Trog.
             Engulfed by a cloud of flame (25 damage)
             ... on level 1 of the Dungeon.
             The game lasted 00:01:21 (365 turns).

javelincjr the Trooper (Minotaur Berserker)          Turns: 365, Time: 00:01:21

Health: -19/27     AC:  2    Str: 21    XL:     2   Next: 48%
Magic:  1/1        EV: 12    Int:  4    God:    Trog [*.....]
Gold:   3          SH:  0    Dex:  9    Spells: 1/1 levels left

rFire   . . .        a - +0 hand axe
rCold   . . .        (no shield)
rNeg    . . .        b - +0 animal skin
rPois   .            (helmet restricted)
rElec   .            (no cloak)
rCorr   .            (no gloves)
SInv    .            (no boots)
Will    .....        (no amulet)
Stlth   +            (no ring)
HPRegen 0.24/turn    (no ring)
MPRegen 0.07/turn

%: no passive effects
@: no status effects
A: horns 2, retaliatory headbutt
a: Renounce Religion, Berserk


You were on level 1 of the Dungeon.
You worshipped Trog.
Trog was aware of your devotion.
You visited 1 branch of the dungeon, and saw 1 of its levels.

You collected 3 gold pieces.

Inventory:

Hand Weapons
 a - a +0 hand axe (weapon)
Armour
 b - a +0 animal skin (worn)
Scrolls
 c - a scroll of fog {unknown}
 e - a scroll of noise {unknown}
 g - a scroll of torment {unknown}
 h - a scroll of silence {unknown}
Potions
 d - a potion of mutation {unknown}
 f - a potion of ambrosia {unknown}


   Skills:
 + Level 3.9 Fighting
 + Level 3.9 Axes
 + Level 2.8 Armour
 + Level 2.5 Dodging


You had one spell level left.
You didn't know any spells.
Your spell library was empty.

Dungeon Overview and Level Annotations

Branches:
Dungeon (1/15)

Altars:


Innate Abilities, Weirdness & Mutations

You have a pair of horns on your head.
You reflexively headbutt those who attack you in melee.


Message History

You kill the rat!
Trog accepts your kill.
No target in view!
You see here a rat corpse.
g - a scroll labelled KILAUNT CORR Unknown command.
h - a scroll labelled GINIGA XEOH A giant cockroach comes into view.
You hit the giant cockroach but do no damage.
You headbutt the giant cockroach, but do no damage.
The giant cockroach bites you. The giant cockroach closely misses you.
You hit the giant cockroach.
You kill the giant cockroach!
Trog accepts your kill.
No target in view!
No target in view!
A hobgoblin comes into view.
The hobgoblin shouts!
The hobgoblin barely misses you.
You hit the hobgoblin.
You kill the hobgoblin!
Trog accepts your kill.
No target in view!
An endoplasm comes into view.
The endoplasm quivers.
An endoplasm is nearby!
No reachable target in view!
No reachable target in view!
Found 7 gold pieces.
The endoplasm is engulfed in blazing flames.
The endoplasm dies!
Found 12 gold pieces.
Really walk into a travel-excluded area?
You are engulfed in blazing flames.
You are engulfed in blazing flames.
* * * LOW HITPOINT WARNING * * *
Really walk into that cloud of flame?
You are engulfed in blazing flames.
Ouch! That really hurt!
You die...

#.#.#### #.##...#
#.#.# #.#.....
#.###...## #.......
#........# #.......
######.#.# # #.......
#......# §# #.#.....
#.####.# .§# ##.#....
#.#
#.#####...#######...##
#.#
#..§§@.$..........###
#.#
#..§☼○..$$..☼☼..###
#.# #..§°§.$...§§○.##
#.####.#####...#####
#......# §○§# ########
.☼§# .§# ..#


There were no monsters in sight!

Vanquished Creatures
  A dart slug (D:1)
  2 ball pythons (D:1)
  An endoplasm (D:1)
  A giant cockroach (D:1)
  4 hobgoblins (D:1)
  A quokka (D:1)
  A frilled lizard (D:1)
  2 kobolds (D:1)
  A rat (D:1)
14 creatures vanquished.

Vanquished Creatures (others)
  An endoplasm (D:1)
1 creature vanquished.

Grand Total: 15 creatures vanquished

Notes
Turn   | Place    | Note
-------+----------+-------------------------------------------
     0 | D:1      | javelincjr the Minotaur Berserker began the quest for the
                  | Orb.
     0 | D:1      | Reached XP level 1. HP: 19/19 MP: 0/0
   159 | D:1      | Reached XP level 2. HP: 24/27 MP: 1/1
   365 | D:1      | Engulfed by a cloud of flame

Illustrated notes

Levels and vault maps discovered:
D:1:      minmay_arrival_diagonal_passages, layout_loops_ring,
          lemuel_flame_loot_1

Action                     || total
---------------------------++-------
  Melee: Hand axe          ||    27
         Headbutt          ||     5
         Punch             ||     2
 Armour: Animal skin       ||     3
  Dodge: Dodged            ||    12
